AoeStats
← phamtrankhoanhi202

Arabia

510262931Analyzed
1v1 RM · 3d ago on Sep 30, 2026· 41m 9s· 2 players
Game mode
Random Map
Map size
Tiny (2 player)
Population
200
Speed
Normal
Resources
Standard
Victory
Conquest
Starting age
Dark Age
Ending age
Imperial Age
RankedLock teamsTeams togetherTeam positionsShared explorationLock speedFull tech treeHidden civsTurbo modeCheats
Victory
Defeat
🇻🇳 Franks · Vietnam
930
+15
🇩🇪 Vikings · Germany
913
-15
Hanf Hermann Hoppe
10:46 Feudal Age
9:04 Loom
16:14 Castle Age
14:20 Scale Mail Armor
14:30 Double-Bit Axe
16:33 Arson
16:16 Pikeman
17:54 Forging
19:20 Squires
20:17 Man-at-Arms
22:05 Horse Collar
26:23 Stone Mining
26:26 Gold Mining
27:15 Bow Saw
27:18 Fletching
28:59 Town Watch
34:31 Town Patrol
39:12 Chain Mail Armor
38:53 Bodkin Arrow
39:34 Iron Casting
phamtrankhoanhi202
11:27 Feudal Age
9:43 Loom
16:36 Castle Age
16:29 Double-Bit Axe
18:01 Wheelbarrow
20:50 Husbandry
21:51 Forging
23:15 Scale Barding Armor
26:40 Iron Casting
27:44 Town Watch
28:23 Chain Barding Armor
29:20 Fletching
35:25 Padded Archer Armor
35:22 Bodkin Arrow
40:36 Gold Mining
Connection lost

Rejoining the realm…

Still unreachable

The connection could not be restored.

Session expired

The server has moved on; the page needs a fresh start.